 Dungeon Crawl Stone Soup version 0.23.2-30-g0e89c35649 (webtiles) character file.

Game seed: 17047287759991681063

3033 mahrnol the Chopper (level 9, -5/92 HPs)
             Began as a Troll Berserker on June 12, 2019.
             Was an Elder of Trog.
             Killed from afar by a gargoyle (28 damage)
             ... with a stone arrow
             ... on level 6 of the Dungeon.
             The game lasted 00:26:19 (5708 turns).

mahrnol the Chopper (Troll Berserker)               Turns: 5708, Time: 00:26:20

Health: -5/92      AC:  7    Str: 27    XL:     9   Next: 56%
Magic:  8/8        EV: 12    Int:  3    God:    Trog [****..]
Gold:   264        SH:  0    Dex: 12    Spells: 8/8 levels left

rFire    . . .     SeeInvis .   j - +2 hand axe (elec)
rCold    . . .     Gourm    +   (no shield)
rNeg     + . .     Faith    .   b - +0 animal skin
rPois    .         Spirit   .   (helmet restricted)
rElec    .         Reflect  .   z - +0 cloak
rCorr    .         Harm     .   (gloves unavailable)
MR       .....                  (boots unavailable)
Stlth    ..........             (no amulet)
HPRegen  0.65/turn              C - ring of attention (curse)
MPRegen  0.11/turn              i - ring of positive energy

@: marked
A: large, unfitting armour, claws 3, fast metabolism 3, gourmand, regeneration
1, shaggy fur 1, tough skin 3
a: Berserk, Trog's Hand, Brothers in Arms, Renounce Religion


You were on level 6 of the Dungeon.
You worshipped Trog.
Trog was greatly pleased with you.
You were completely stuffed.

You visited 1 branch of the dungeon, and saw 7 of its levels.
You also visited: Sewer.

You collected 264 gold pieces.

Inventory:

Hand Weapons
 a - a +0 blowgun
 j - a +2 hand axe of electrocution (weapon)
 o - a +1 hunting sling of velocity
 q - a +2 trident of venom
 G - the +3 dagger "Jestyek" {pierce, -Tele rElec Int+4}
   (You found it on level 5 of the Dungeon)

   It inflicts extra damage upon your enemies.
   It affects your intelligence (+4).
   It insulates you from electricity.
   It prevents most forms of teleportation.
Missiles
 d - 286 stones
 n - 3 tomahawks (quivered)
 r - 36 poisoned needles
 H - a throwing net
Armour
 b - a +0 animal skin (worn)
 z - a +0 cloak (worn)
Jewellery
 h - an uncursed ring of teleportation
 i - a ring of positive energy (right claw)
 C - a cursed ring of attention (left claw)
Wands
 x - a wand of digging (5)
 E - a wand of flame (20)
Scrolls
 e - 4 scrolls of blinking {unknown}
 f - 11 scrolls of remove curse
 k - 3 scrolls of fear {unknown}
 l - 6 scrolls of identify {unknown}
 m - 2 scrolls of amnesia {unknown}
 u - 3 scrolls of enchant armour {unknown}
 v - 2 scrolls of magic mapping {unknown}
 w - a scroll of noise {unknown}
 y - 6 scrolls of teleportation
 B - a scroll of fog {unknown}
Potions
 g - 2 potions of invisibility {unknown}
 p - a potion of might {unknown}
 s - 2 potions of lignification {unknown}
 t - a potion of cancellation {unknown}
 A - a potion of heal wounds {unknown}
 D - a potion of ambrosia {unknown}
 F - a potion of brilliance {unknown}
 I - a potion of mutation {unknown}
Comestibles
 c - 11 rations


   Skills:
 * Level 6.6 Fighting
 + Level 7.9(8.1) Axes
   Level 2.9(6.2) Maces & Flails
 + Level 5.4 Dodging


You had 8 spell levels left.
You didn't know any spells.
Your spell library was empty.

Dungeon Overview and Level Annotations

Branches:
Dungeon (7/15)
 Temple: D:4-7

Altars:
Hepliaklqana
Makhleb
Okawaru
Beogh


Innate Abilities, Weirdness & Mutations

You are too large for most types of armour.
You have claws for hands.
Your metabolism is lightning-fast.
You like to eat raw meat.
Your natural rate of healing is unusually fast.
You are covered in fur. (AC +1)
You have extremely tough skin. (AC +3)


Message History

The gargoyle hits you with a +0 morningstar.
You barely miss the gargoyle.
The gargoyle is heavily damaged.
The gargoyle hurls a stone arrow at you.
The stone arrow hits you!
You are too injured to fight recklessly!
You are too injured to fight recklessly!
You hit the gargoyle.
The gargoyle is heavily damaged.
The gargoyle hurls a stone arrow at you.
The stone arrow hits you!!
* * * LOW HITPOINT WARNING * * *
You hit the gargoyle but do no damage.
The gargoyle is heavily damaged.
The gargoyle closely misses you.
You hit the gargoyle.
The gargoyle is severely damaged.
The gargoyle hurls a stone arrow at you.
The stone arrow hits you!!
You die...

######..........## #......#.##.#
##########..###.#####)....#
##.....##.....#.##
##.......###.#.##
#...##..#.......#
##..[.........)..#
###############...######.......#
#................## #.......#
..##############@# #>......# .##
#.9# ##..##### ## ##.## #.##
##### ##.[# #.# ....### #..##
#.# .##...#######.## #.#
.####.....##..# ##.#
..#######.##.###########).##
.....## #..........##......#


You could see a gargoyle.

Vanquished Creatures
  A two-headed ogre (D:6)
  Grinder (D:6)
  Eustachio (D:6)
  A black bear (D:7)
  2 centaurs
  4 big kobolds (Sewer)
  A bullfrog (D:6)
  A scorpion (D:4)
  A crimson imp (D:7)
  3 hounds (D:5)
  2 bullfrog zombies
  2 jellies
  5 orc priests
  8 orc wizards
  An iguana (D:6)
  Ijyb (D:3)
  Natasha (thrice) (D:2)
  Terence (D:2)
  2 worker ants
  Robin (D:2)
  A worker ant zombie (D:5)
  7 adders
  4 gnolls
  5 river rats
  2 shadow imps
  3 oozes
  6 worms
  2 dart slugs
  4 leopard geckos
  37 orcs
  4 ball pythons
  4 giant cockroaches
  18 goblins
  11 hobgoblins
  12 jackals
  4 quokkas
  9 bats
  7 frilled lizards
  14 kobolds
  A quokka skeleton (D:4)
  4 rats
201 creatures vanquished.

Vanquished Creatures (collateral kills)
  The ghost of totalnoob the Stinger, a novice OpVM (D:5)
  An orc priest (D:5)
  2 orcs (D:5)
4 creatures vanquished.

Grand Total: 205 creatures vanquished

Notes
Turn   | Place    | Note
-------+----------+-------------------------------------------
     0 | D:1      | mahrnol the Troll Berserker began the quest for the Orb.
     0 | D:1      | Reached XP level 1. HP: 22/22 MP: 0/0
   235 | D:1      | Reached XP level 2. HP: 29/29 MP: 1/1
   961 | D:2      | Noticed Terence
   966 | D:2      | Killed Terence
   966 | D:2      | Reached XP level 3. HP: 37/37 MP: 2/2
  1099 | D:2      | Noticed Robin
  1108 | D:2      | Reached ** piety under Trog
  1108 | D:2      | Reached XP level 4. HP: 45/45 MP: 3/3
  1109 | D:2      | Reached skill level 1 in Axes
  1114 | D:2      | Killed Robin
  1184 | D:2      | Noticed Natasha
  1190 | D:2      | Killed Natasha
  1261 | D:2      | Noticed Natasha
  1270 | D:2      | Killed Natasha
  1270 | D:2      | Reached XP level 5. HP: 15/53 MP: 4/4
  1363 | D:2      | Reached skill level 2 in Axes
  1415 | D:2      | Noticed Natasha
  1420 | D:2      | Killed Natasha
  1878 | D:2      | Found an iron altar of Okawaru.
  2173 | D:3      | Found a faded altar of an unknown god.
  2336 | D:3      | Reached *** piety under Trog
  2608 | D:3      | Reached skill level 3 in Axes
  2608 | D:3      | Reached XP level 6. HP: 44/61 MP: 5/5
  2697 | D:3      | Noticed Ijyb
  2708 | D:3      | Killed Ijyb
  3183 | D:5      | Entered Level 5 of the Dungeon
  3184 | D:5      | Found a glowing drain.
  3217 | Sewer    | Entered a sewer
  3349 | Sewer    | Reached skill level 4 in Axes
  3349 | Sewer    | Reached XP level 7. HP: 63/68 MP: 6/6
  3797 | D:4      | Found a hazy altar of Hepliaklqana.
  4056 | D:4      | Reached **** piety under Trog
  4296 | D:6      | Noticed Grinder
  4357 | D:5      | Reached skill level 5 in Axes
  4494 | D:5      | Reached XP level 8. HP: 79/79 MP: 7/7
  4732 | D:5      | Reached skill level 5 in Fighting
  4802 | D:5      | Found a burning altar of Makhleb.
  4925 | D:5      | Reached skill level 6 in Axes
  4980 | D:5      | Found a runed translucent gate.
  4981 | D:5      | Found a runed translucent gate.
  4981 | D:5      | Noticed totalnoob's ghost (novice OpVM)
  4982 | D:5      | Found a runed translucent gate.
  4984 | D:5      | Identified the +3 dagger of Desertification {pierce, +Inv
                  | rPois MR- Int+2}
  4984 | D:5      | Identified the +5 chain mail "Hueric" {MR- Regen+ Str+3
                  | Int+2}
  4988 | D:5      | Found a roughly hewn altar of Beogh.
  4994 | D:5      | Killed totalnoob's ghost
  5024 | D:5      | Got a crystal dagger
  5133 | D:6      | Identified the +3 dagger "Jestyek" {pierce, -Tele rElec
                  | Int+4} (You found it on level 5 of the Dungeon)
  5259 | D:6      | Killed Grinder
  5259 | D:6      | Reached skill level 5 in Dodging
  5259 | D:6      | Reached XP level 9. HP: 89/89 MP: 8/8
  5314 | D:6      | Noticed a two-headed ogre
  5322 | D:6      | Killed a two-headed ogre
  5322 | D:6      | Reached skill level 7 in Axes
  5461 | D:6      | Noticed Eustachio
  5474 | D:6      | Killed Eustachio
  5688 | D:7      | Noticed a gargoyle
  5708 | D:6      | Killed from afar by a gargoyle

Skill      XL: |  1  2  3  4  5  6  7  8  9 |
---------------+----------------------------+-----
Fighting       | 3 4 5 6 |  6.6
Dodging        | 3 4 5 |  5.4
Axes           | 1 3 4 5 6 7 |  7.9
Maces & Flails | |  2.9

Action                   |  1- 3 |  4- 6 |  7- 9 || total
-------------------------+-------+-------+-------++-------
Melee: Mace              |    21 |       |       ||    21
       Hand axe          |    51 |   211 |   248 ||   510
Invok: Berserk           |     2 |     1 |     4 ||     7
       Trog's Hand       |       |       |     1 ||     1
       Brothers in Arms  |       |       |     1 ||     1
  Use: Scroll            |       |       |     2 ||     2
       Potion            |       |       |     1 ||     1
 Stab: Sleeping          |     1 |     2 |       ||     3
  Eat: Chunk             |    16 |    24 |    27 ||    67
Armor: Animal skin       |    49 |    62 |    67 ||   178
Dodge: Dodged            |    38 |   136 |    97 ||   271
